| TOP OF THE 1ST |
|
Evansville Triplets batting - Pitching for Wichita Aeros : LHP Darrell Jackson
|
|
Pitching: LHP Darrell Jackson
|
|
|
Batting: LHB Greg Gross
|
0-0: Ball 1-0: Foul Ball, location: 2F 1-1: Called Strike 1-2: Ball 2-2: Ball 3-2: Foul Ball, location: 2F 3-2: Base on Balls
|
|
Batting: RHB Cory Mihalic
|
0-0: Ball 1-0: Called Strike 1-1: Ball 2-1: Called Strike 2-2: Ball 3-2: Strikes out swinging
|
|
Batting: LHB Lloyd Moseby
|
0-0: Ball 1-0: Swinging Strike 1-1: Ball 2-1: Foul Ball, location: 2F 2-2: Strikes out swinging
|
|
Batting: RHB Ron Kittle
|
0-0: Called Strike 0-1: Swinging Strike 0-2: Ball 1-2: Foul Ball, location: 2F 1-2: Ball Greg Gross steals 2nd base 2-2: Ball 3-2: Strikes out swinging
|
| Top of the 1st over - 0 runs, 0 hits, 0 errors, 1 left on base; Evansville 0 - Wichita 0 |
| BOTTOM OF THE 1ST |
|
Wichita Aeros batting - Pitching for Evansville Triplets : RHP Bill Gullickson
|
|
Pitching: RHP Bill Gullickson
|
|
|
Batting: SHB Gary Pettis
|
0-0: Ball 1-0: Called Strike 1-1: SINGLE (Flyball, 56D, EV 88.8 MPH)
|
|
Batting: LHB Glenn Gulliver
|
0-0: Ball 1-0: Ball Gary Pettis steals 2nd base 2-0: Ground out 3-1 (Groundball, 23, EV 86.3 MPH) Gary Pettis to third
|
|
Batting: LHB Michael Barnes
|
0-0: Foul Ball, location: 2F 0-1: Foul Ball, location: 2F 0-2: Ball 1-2: Foul Ball, location: 2F 1-2: Ball 2-2: Foul Ball, location: 2F 2-2: Foul Ball, location: 2F 2-2: Foul Ball, location: 2F 2-2: Foul Ball, location: 2F 2-2: Ball 3-2: Fly out, F8 (Flyball, 8LS, EV 90.0 MPH)
|
|
Batting: LHB Omar Guerrero
|
0-0: Ball 1-0: Ball 2-0: Fly out, F8 (Flyball, 78XD, EV 82.5 MPH)
|
| Bottom of the 1st over - 0 runs, 1 hit, 0 errors, 1 left on base; Evansville 0 - Wichita 0 |
| TOP OF THE 2ND |
|
Evansville Triplets batting - Pitching for Wichita Aeros : LHP Darrell Jackson
|
|
Batting: SHB Mickey Tettleton
|
0-0: Foul Ball, location: 2F 0-1: Fly out, F4 (Popup, 34S, EV 85.6 MPH)
|
|
Batting: RHB Brook Jacoby
|
0-0: Called Strike 0-1: Ball 1-1: SINGLE (Line Drive, 5D, EV 102.5 MPH)
|
|
Batting: LHB Luis Alfaro
|
Pickoff Throw to First - Out! 1-3 0-0: Called Strike 0-1: Ball 1-1: Ball 2-1: Fly out, F9 (Flyball, 89S, EV 84.4 MPH)
|
| Top of the 2nd over - 0 runs, 1 hit, 0 errors, 0 left on base; Evansville 0 - Wichita 0 |
| BOTTOM OF THE 2ND |
|
Wichita Aeros batting - Pitching for Evansville Triplets : RHP Bill Gullickson
|
|
Batting: RHB Dave Hoenstine
|
0-0: Ball 1-0: Swinging Strike 1-1: SINGLE (Line Drive, 9S, EV 100.6 MPH)
|
|
Batting: LHB James Pellack
|
0-0: Called Strike 0-1: Foul Ball, location: 2F 0-2: Fly out, F7 (Flyball, 78M, EV 78.8 MPH)
|
|
Batting: LHB Angel Matos
|
0-0: Ball 1-0: Ball 2-0: Ball 3-0: Called Strike 3-1: Fly out, F6 (Flyball, 56D, EV 86.9 MPH)
|
|
Batting: RHB Gary House
|
0-0: Swinging Strike 0-1: Ball 1-1: Fielders Choice at 2nd, 5-4 (Groundball, 56, EV 88.1 MPH)
|
| Bottom of the 2nd over - 0 runs, 1 hit, 0 errors, 1 left on base; Evansville 0 - Wichita 0 |
| TOP OF THE 3RD |
|
Evansville Triplets batting - Pitching for Wichita Aeros : LHP Darrell Jackson
|
|
Batting: RHB Jaden Smith
|
0-0: Ground out 6-3 (Groundball, 6, EV 95.0 MPH)
|
|
Batting: RHB Ed Jurak
|
0-0: Called Strike 0-1: Ball 1-1: Called Strike 1-2: Strikes out swinging
|
|
Batting: LHB Greg Gross
|
0-0: Called Strike 0-1: Ball 1-1: Foul Ball, location: 2F 1-2: Ball 2-2: Ball 3-2: Foul Ball, location: 2F 3-2: Base on Balls
|
|
Batting: RHB Cory Mihalic
|
0-0: Called Strike 0-1: Ball 1-1: Ball 2-1: Fly out, F8 (Line Drive, 8RM, EV 96.3 MPH)
|
| Top of the 3rd over - 0 runs, 0 hits, 0 errors, 1 left on base; Evansville 0 - Wichita 0 |
| BOTTOM OF THE 3RD |
|
Wichita Aeros batting - Pitching for Evansville Triplets : RHP Bill Gullickson
|
|
Batting: RHB Bill Hayes
|
0-0: Called Strike 0-1: Ball 1-1: SINGLE (Groundball, 4D, EV 98.8 MPH)
|
|
Batting: SHB Gary Pettis
|
0-0: Grounds out, U3 (Groundball, 3L, EV 85.6 MPH)
|
|
Batting: LHB Glenn Gulliver
|
0-0: Called Strike 0-1: Foul Ball, location: 2F 0-2: Strikes out swinging
|
|
Batting: LHB Michael Barnes
|
0-0: Ball 1-0: Called Strike 1-1: SINGLE (Line Drive, 7S, EV 97.5 MPH) Bill Hayes to third Runner from 3rd tries for Home, SAFE, throw by LF to home
|
|
Batting: LHB Omar Guerrero
|
0-0: Ball 1-0: Swinging Strike 1-1: Ball 2-1: Fly out, F1 (Line Drive, P, EV 75.0 MPH)
|
| Bottom of the 3rd over - 1 run, 2 hits, 0 errors, 1 left on base; Evansville 0 - Wichita 1 |
| TOP OF THE 4TH |
|
Evansville Triplets batting - Pitching for Wichita Aeros : LHP Darrell Jackson
|
|
Batting: LHB Lloyd Moseby
|
0-0: Ball 1-0: Ball 2-0: Called Strike 2-1: DOUBLE (Flyball, 8LXD, EV 96.9 MPH)
|
|
Batting: RHB Ron Kittle
|
0-0: Foul Ball, location: 2F 0-1: Ball 1-1: Ball 2-1: Ball Lloyd Moseby steals 3rd base 3-1: SINGLE (Groundball, 56D, EV 93.8 MPH) Lloyd Moseby scores
|
|
Batting: SHB Mickey Tettleton
|
0-0: Called Strike 0-1: Ball 1-1: Ball 2-1: Foul Ball, location: 2F 2-2: Foul Ball, location: 2F 2-2: Foul Ball, location: 2F 2-2: SINGLE (Flyball, 89S, EV 89.4 MPH) Ron Kittle to second Runner from 2nd tries for 3rd, SAFE, throw by RF made to third
|
|
Batting: RHB Brook Jacoby
|
0-0: Foul Ball, location: 2F 0-1: Ball 1-1: Ball 2-1: Foul Ball, location: 2F 2-2: Strikes out looking
|
|
Batting: LHB Luis Alfaro
|
0-0: Called Strike 0-1: Fly out, F7 (Flyball, 7S, EV 80.0 MPH)
|
|
Batting: RHB Jaden Smith
|
0-0: SINGLE (Groundball, 6MD, EV 102.5 MPH) Ron Kittle scores Mickey Tettleton to second Runner from 2nd tries for 3rd, SAFE, throw by CF made to third
|
|
Batting: RHB Ed Jurak
|
0-0: Foul Ball, location: 2F 0-1: Ball 1-1: SINGLE (Groundball, 6MD, EV 95.6 MPH) Mickey Tettleton scores Jaden Smith to second Runner from 2nd tries for 3rd, SAFE, no throw by CF
|
|
Batting: LHB Greg Gross
|
0-0: Called Strike 0-1: Ball 1-1: Foul Ball, location: 2F 1-2: Ball 2-2: SINGLE (Groundball, 6MD, EV 108.8 MPH) (infield hit) Jaden Smith scores Ed Jurak to second
|
|
Batting: RHB Cory Mihalic
|
0-0: Ball 1-0: Called Strike 1-1: Ball 2-1: Ball 3-1: SINGLE (Line Drive, 4MD, EV 96.9 MPH) Ed Jurak to third Greg Gross to second Runner from 3rd tries for Home, SAFE, throw by CF to home
|
|
Pitching: RHP Jeff Heathcock
|
|
|
Batting: LHB Lloyd Moseby
|
0-0: Foul Ball, location: 2F 0-1: Ground out U3 (Groundball, 3, EV 80.0 MPH)
|
| Top of the 4th over - 5 runs, 7 hits, 0 errors, 2 left on base; Evansville 5 - Wichita 1 |
| BOTTOM OF THE 4TH |
|
Wichita Aeros batting - Pitching for Evansville Triplets : RHP Bill Gullickson
|
|
Batting: RHB Dave Hoenstine
|
0-0: Ball 1-0: Called Strike 1-1: Ball 2-1: Fly out, F4 (Popup, 34, EV 60.6 MPH)
|
|
Batting: LHB James Pellack
|
0-0: Ball 1-0: Ball 2-0: Called Strike 2-1: Foul Ball, location: 2F 2-2: Foul Ball, location: 2F 2-2: Ball 3-2: Fly out, F6 (Popup, 6MD, EV 46.9 MPH)
|
|
Batting: LHB Angel Matos
|
0-0: Swinging Strike 0-1: Ball 1-1: Ball 2-1: Called Strike 2-2: Ball 3-2: Fly out, F9 (Flyball, 89D, EV 83.1 MPH)
|
| Bottom of the 4th over - 0 runs, 0 hits, 0 errors, 0 left on base; Evansville 5 - Wichita 1 |
| TOP OF THE 5TH |
|
Evansville Triplets batting - Pitching for Wichita Aeros : RHP Jeff Heathcock
|
|
Batting: RHB Ron Kittle
|
0-0: Ball 1-0: Ball 2-0: Swinging Strike 2-1: Swinging Strike 2-2: Ball 3-2: Strikes out swinging
|
|
Batting: SHB Mickey Tettleton
|
0-0: Called Strike 0-1: Ground out U3 (Groundball, 3L, EV 83.8 MPH)
|
|
Batting: RHB Brook Jacoby
|
0-0: Ball 1-0: Fly out, F4 (Line Drive, 4, EV 66.3 MPH)
|
| Top of the 5th over - 0 runs, 0 hits, 0 errors, 0 left on base; Evansville 5 - Wichita 1 |
| BOTTOM OF THE 5TH |
|
Wichita Aeros batting - Pitching for Evansville Triplets : RHP Bill Gullickson
|
|
Batting: RHB Gary House
|
0-0: Ball 1-0: Called Strike 1-1: Ball 2-1: Ball 3-1: Called Strike 3-2: Fly out, F8 (Flyball, 8RS, EV 95.0 MPH)
|
|
Batting: RHB Bill Hayes
|
0-0: Foul Ball, location: 2F 0-1: Called Strike 0-2: Ball 1-2: Ball 2-2: Ball 3-2: Foul Ball, location: 2F 3-2: Fly out, F8 (Flyball, 89M, EV 93.8 MPH)
|
|
Batting: SHB Gary Pettis
|
0-0: Called Strike 0-1: Ground out 6-3 (Groundball, 6, EV 84.4 MPH)
|
| Bottom of the 5th over - 0 runs, 0 hits, 0 errors, 0 left on base; Evansville 5 - Wichita 1 |
| TOP OF THE 6TH |
|
Evansville Triplets batting - Pitching for Wichita Aeros : RHP Jeff Heathcock
|
|
Batting: LHB Luis Alfaro
|
0-0: Ground out 6-3 (Groundball, 6, EV 85.6 MPH)
|
|
Batting: RHB Jaden Smith
|
0-0: Called Strike 0-1: Swinging Strike 0-2: Strikes out swinging
|
|
Batting: RHB Ed Jurak
|
0-0: Ball 1-0: Called Strike 1-1: Foul Ball, location: 2F 1-2: Ball 2-2: Ball 3-2: Strikes out swinging
|
| Top of the 6th over - 0 runs, 0 hits, 0 errors, 0 left on base; Evansville 5 - Wichita 1 |
| BOTTOM OF THE 6TH |
|
Wichita Aeros batting - Pitching for Evansville Triplets : RHP Bill Gullickson
|
|
Batting: LHB Glenn Gulliver
|
0-0: Ball 1-0: Ball 2-0: Called Strike 2-1: Fly out, F7 (Line Drive, 7, EV 85.6 MPH)
|
|
Batting: LHB Michael Barnes
|
0-0: Ball 1-0: Called Strike 1-1: Ball 2-1: Swinging Strike 2-2: Strikes out swinging
|
|
Batting: LHB Omar Guerrero
|
0-0: Called Strike 0-1: Called Strike 0-2: Ground out 4-3 (Groundball, 4, EV 90.0 MPH)
|
| Bottom of the 6th over - 0 runs, 0 hits, 0 errors, 0 left on base; Evansville 5 - Wichita 1 |
| TOP OF THE 7TH |
|
Evansville Triplets batting - Pitching for Wichita Aeros : RHP Jeff Heathcock
|
|
Batting: LHB Greg Gross
|
0-0: SINGLE (Groundball, 4MS, EV 64.4 MPH) (infield hit)
|
|
Batting: RHB Cory Mihalic
|
0-0: Ball 1-0: Ball 2-0: Ball 3-0: Base on Balls Greg Gross to second
|
|
Batting: LHB Lloyd Moseby
|
0-0: Called Strike 0-1: Called Strike 0-2: Ball 1-2: Reached on error, E4 (Groundball, 4, EV 93.8 MPH) Greg Gross to third Cory Mihalic to second
|
|
Batting: RHB Ron Kittle
|
0-0: Ball 1-0: Foul Ball, location: 2F 1-1: Foul Ball, location: 2F 1-2: Ball 2-2: Fly out, F9 (Line Drive, 9, EV 89.4 MPH) Runner from 3rd tags up, SCORES, no throw by RF
|
|
Batting: SHB Mickey Tettleton
|
0-0: Fly out, F3 (Popup, 34, EV 62.5 MPH)
|
|
Batting: RHB Brook Jacoby
|
0-0: Swinging Strike 0-1: 3-RUN HOME RUN (Flyball, 89XD, EV 105.6 MPH), Distance : 427 ft
|
|
Batting: LHB Luis Alfaro
|
0-0: Called Strike 0-1: Ball 1-1: Ground out 4-3 (Groundball, 4, EV 101.3 MPH)
|
| Top of the 7th over - 4 runs, 2 hits, 1 error, 0 left on base; Evansville 9 - Wichita 1 |
| BOTTOM OF THE 7TH |
|
Wichita Aeros batting - Pitching for Evansville Triplets : RHP Bill Gullickson
|
|
Batting: RHB Dave Hoenstine
|
0-0: Ball 1-0: Ball 2-0: Called Strike 2-1: Swinging Strike 2-2: Foul Ball, location: 2F 2-2: Ball 3-2: Foul Ball, location: 2F 3-2: Foul Ball, location: 2F 3-2: Base on Balls
|
|
Pitching: LHP Paul Mirabella
|
|
|
Batting: LHB James Pellack
|
0-0: Called Strike 0-1: Foul Ball, location: 2F 0-2: SINGLE (Line Drive, 6D, EV 95.6 MPH) Dave Hoenstine to second
|
|
Batting: LHB Angel Matos
|
0-0: Grounds into double play, 6-4-3 (Groundball, 6, EV 83.1 MPH) Dave Hoenstine to third
|
|
Batting: RHB Gary House
|
0-0: Ball 1-0: Foul Ball, location: 2F 1-1: Ball 2-1: Ball 3-1: Base on Balls
|
|
Batting: RHB Bill Hayes
|
0-0: Ball 1-0: Swinging Strike 1-1: Ball 2-1: Fly out, F9 (Flyball, 9LS, EV 88.8 MPH)
|
| Bottom of the 7th over - 0 runs, 1 hit, 0 errors, 2 left on base; Evansville 9 - Wichita 1 |
| TOP OF THE 8TH |
|
Evansville Triplets batting - Pitching for Wichita Aeros : RHP Jeff Heathcock
|
|
Batting: RHB Jaden Smith
|
0-0: Called Strike 0-1: Swinging Strike 0-2: Ball 1-2: Strikes out looking
|
|
Batting: RHB Ed Jurak
|
0-0: Called Strike 0-1: Ball 1-1: SINGLE (Line Drive, 34D, EV 98.8 MPH)
|
|
Batting: LHB Greg Gross
|
0-0: Foul Ball, location: 2F 0-1: Fielders Choice at 2nd, 4-6 (Groundball, 34, EV 92.5 MPH)
|
|
Batting: RHB Cory Mihalic
|
0-0: Ball 1-0: Ball 2-0: Fielders Choice at 2nd, 5-4 (Groundball, 56, EV 102.5 MPH)
|
| Top of the 8th over - 0 runs, 1 hit, 0 errors, 1 left on base; Evansville 9 - Wichita 1 |
| BOTTOM OF THE 8TH |
|
Wichita Aeros batting - Pitching for Evansville Triplets : LHP Paul Mirabella
|
|
Batting: SHB Gary Pettis
|
0-0: Called Strike 0-1: Called Strike 0-2: Foul Ball, location: 2F 0-2: Ball 1-2: Ball 2-2: Strikes out swinging
|
|
Batting: LHB Glenn Gulliver
|
0-0: Called Strike 0-1: Ball 1-1: Ball 2-1: Foul Ball, location: 2F 2-2: Foul Ball, location: 2F 2-2: Fly out, F6 (Flyball, 56D, EV 91.9 MPH)
|
|
Batting: LHB Michael Barnes
|
0-0: Ball 1-0: Swinging Strike 1-1: Swinging Strike 1-2: Ball 2-2: SINGLE (Groundball, 4MD, EV 101.9 MPH)
|
|
Pinch Hitting: LHB Robert Markham
|
0-0: Called Strike 0-1: Ball 1-1: Swinging Strike 1-2: Ball 2-2: Strikes out swinging
|
| Bottom of the 8th over - 0 runs, 1 hit, 0 errors, 1 left on base; Evansville 9 - Wichita 1 |
| TOP OF THE 9TH |
|
Evansville Triplets batting - Pitching for Wichita Aeros : RHP Jeff Heathcock
|
|
Now in RF: Robert Markham
|
|
|
Batting: LHB Lloyd Moseby
|
0-0: Ball 1-0: Foul Ball, location: 2F 1-1: Ball 2-1: Ground out U3 (Groundball, 34, EV 100.0 MPH)
|
|
Batting: RHB Ron Kittle
|
0-0: Fly out, F9 (Flyball, 89D, EV 104.4 MPH)
|
|
Batting: SHB Mickey Tettleton
|
0-0: Called Strike 0-1: Ball 1-1: SOLO HOME RUN (Flyball, 89XD, EV 93.8 MPH), Distance : 397 ft
|
|
Batting: RHB Brook Jacoby
|
0-0: Ball 1-0: Foul Ball, location: 2F 1-1: Ball 2-1: SOLO HOME RUN (Flyball, 9LD, EV 102.5 MPH), Distance : 357 ft
|
|
Batting: LHB Luis Alfaro
|
0-0: Ball 1-0: Fly out, F9 (Flyball, 89XD, EV 95.0 MPH)
|
| Top of the 9th over - 2 runs, 2 hits, 0 errors, 0 left on base; Evansville 11 - Wichita 1 |
| BOTTOM OF THE 9TH |
|
Wichita Aeros batting - Pitching for Evansville Triplets : LHP Paul Mirabella
|
|
Batting: RHB Dave Hoenstine
|
0-0: Called Strike 0-1: Fly out, F6 (Popup, 6, EV 72.5 MPH)
|
|
Batting: LHB James Pellack
|
0-0: Called Strike 0-1: Swinging Strike 0-2: Ball 1-2: Strikes out swinging
|
|
Batting: LHB Angel Matos
|
0-0: Ball 1-0: Fly out, F9 (Line Drive, 9, EV 101.9 MPH)
|
| Bottom of the 9th over - 0 runs, 0 hits, 0 errors, 0 left on base; Evansville 11 - Wichita 1 |
|